TOP OF THE 1ST |
Lansing Lugnuts batting - Pitching for Beloit Snappers : LHP Jimmy Ford
|
Pitching: LHP Jimmy Ford
|
|
Batting: RHB Elliot Manfredini
|
0-0: Called Strike 0-1: Ground out 5-3 (Groundball, 56, EV 103.8 MPH)
|
Batting: RHB Finn Ross
|
0-0: Ground out 4-3 (Groundball, 4S, EV 72.5 MPH)
|
Batting: LHB David Ramirez
|
0-0: Called Strike 0-1: Called Strike 0-2: Ground out U3 (Groundball, 34D, EV 90.0 MPH)
|
Top of the 1st over - 0 runs, 0 hits, 0 errors, 0 left on base; Lansing 0 - Beloit 0 |
BOTTOM OF THE 1ST |
Beloit Snappers batting - Pitching for Lansing Lugnuts : RHP Mike Moon
|
Pitching: RHP Mike Moon
|
|
Batting: RHB Willie de los Santos
|
0-0: Ball 1-0: Called Strike 1-1: Ball 2-1: Ground out 5-3 (Groundball, 56S, EV 90.0 MPH)
|
Batting: RHB Scott Wiggs
|
0-0: Foul Ball, location: 2F 0-1: Called Strike 0-2: Foul Ball, location: 2F 0-2: Strikes out looking
|
Batting: SHB D.J. Codd
|
0-0: Called Strike 0-1: Swinging Strike 0-2: Foul Ball, location: 2F 0-2: Strikes out looking
|
Bottom of the 1st over - 0 runs, 0 hits, 0 errors, 0 left on base; Lansing 0 - Beloit 0 |
TOP OF THE 2ND |
Lansing Lugnuts batting - Pitching for Beloit Snappers : LHP Jimmy Ford
|
Batting: LHB Cedric Saunders
|
0-0: Foul Ball, location: 2F 0-1: Called Strike 0-2: Fly out, F9 (Flyball, 9, EV 86.9 MPH)
|
Batting: RHB Ivan Ramirez
|
0-0: Ball 1-0: DOUBLE (Line Drive, 89XD, EV 107.5 MPH)
|
Batting: LHB Dan Martinez
|
0-0: Called Strike 0-1: Ball 1-1: Called Strike 1-2: Ball 2-2: Ball 3-2: Foul Ball, location: 2F 3-2: Strikes out looking
|
Batting: RHB Luis Reyes
|
0-0: Fly out, F8 (Flyball, 8RS, EV 88.8 MPH)
|
Top of the 2nd over - 0 runs, 1 hit, 0 errors, 1 left on base; Lansing 0 - Beloit 0 |
BOTTOM OF THE 2ND |
Beloit Snappers batting - Pitching for Lansing Lugnuts : RHP Mike Moon
|
Batting: RHB Diwan Abdul-Salam
|
0-0: Ball 1-0: Ball 2-0: Ball 3-0: Called Strike 3-1: Base on Balls
|
Batting: RHB Manny Vizzerra
|
0-0: Called Strike 0-1: Foul Ball, location: 2F 0-2: Strikes out looking
|
Batting: RHB Kyle Waters
|
0-0: Called Strike 0-1: Fly out, F9 (Flyball, 9, EV 95.6 MPH)
|
Batting: LHB Raita Inouye
|
0-0: Ball 1-0: Swinging Strike 1-1: Swinging Strike 1-2: Ball 2-2: Strikes out swinging
|
Bottom of the 2nd over - 0 runs, 0 hits, 0 errors, 1 left on base; Lansing 0 - Beloit 0 |
TOP OF THE 3RD |
Lansing Lugnuts batting - Pitching for Beloit Snappers : LHP Jimmy Ford
|
Batting: RHB Darren McCarty Jr.
|
0-0: Foul Ball, location: 2F 0-1: Foul Ball, location: 2F 0-2: Ball 1-2: Ball 2-2: Ball 3-2: Strikes out swinging
|
Pitching: RHP Andrew Douglas
|
|
Batting: RHB Corey Davis
|
0-0: Ball 1-0: Swinging Strike 1-1: Foul Ball, location: 2F 1-2: Ball 2-2: Ball 3-2: SINGLE (Groundball, 6S, EV 70.0 MPH) (infield hit)
|
Batting: RHB Elliot Manfredini
|
|
Pinch Hitting: LHB Roger Escareno
|
0-0: Ball Corey Davis steals 2nd base 1-0: SINGLE (Groundball, 56D, EV 106.9 MPH) Corey Davis to third
|
Batting: RHB Finn Ross
|
0-0: Foul Ball, location: 2F 0-1: Ball 1-1: Ball Roger Escareno steals 2nd base 2-1: SINGLE (Groundball, 6S, EV 60.6 MPH) (infield hit) Corey Davis scores Roger Escareno to third
|
Batting: LHB David Ramirez
|
0-0: Ball 1-0: Ball Finn Ross steals 2nd base (no throw) 2-0: Ground out 3-1 (Groundball, 34, EV 90.6 MPH) Roger Escareno scores Finn Ross to third
|
Batting: LHB Cedric Saunders
|
0-0: Called Strike 0-1: Ball 1-1: Ball 2-1: Foul Ball, location: 2F 2-2: Ball 3-2: Fly out, F6 (Popup, 6M, EV 67.5 MPH)
|
Top of the 3rd over - 2 runs, 3 hits, 0 errors, 1 left on base; Lansing 2 - Beloit 0 |
BOTTOM OF THE 3RD |
Beloit Snappers batting - Pitching for Lansing Lugnuts : RHP Mike Moon
|
Now at 3B: Roger Escareno
|
|
Batting: RHB Travis Lanctot
|
0-0: Ball 1-0: Called Strike 1-1: Ground out 5-3 (Groundball, 5S, EV 88.8 MPH)
|
Batting: RHB Brian Rathbun
|
0-0: Swinging Strike 0-1: Swinging Strike 0-2: Ball 1-2: Ball 2-2: Foul Ball, location: 2F 2-2: Strikes out looking
|
Batting: RHB Willie de los Santos
|
0-0: Called Strike 0-1: Swinging Strike 0-2: Ground out U3 (Groundball, 34, EV 103.1 MPH)
|
Bottom of the 3rd over - 0 runs, 0 hits, 0 errors, 0 left on base; Lansing 2 - Beloit 0 |
TOP OF THE 4TH |
Lansing Lugnuts batting - Pitching for Beloit Snappers : RHP Andrew Douglas
|
Batting: RHB Ivan Ramirez
|
0-0: Fly out, F8 (Flyball, 8LM, EV 86.9 MPH)
|
Batting: LHB Dan Martinez
|
0-0: SOLO HOME RUN (Flyball, 7D, EV 98.8 MPH), Distance : 375 ft
|
Batting: RHB Luis Reyes
|
0-0: Ball 1-0: Fly out, F9 (Flyball, 89D, EV 86.9 MPH)
|
Batting: RHB Darren McCarty Jr.
|
0-0: Called Strike 0-1: Ball 1-1: Ball 2-1: Fly out, F9 (Flyball, 89XD, EV 94.4 MPH)
|
Top of the 4th over - 1 run, 1 hit, 0 errors, 0 left on base; Lansing 3 - Beloit 0 |
BOTTOM OF THE 4TH |
Beloit Snappers batting - Pitching for Lansing Lugnuts : RHP Mike Moon
|
Batting: RHB Scott Wiggs
|
0-0: Foul Ball, location: 2F 0-1: Foul Ball, location: 2F 0-2: Strikes out swinging
|
Batting: SHB D.J. Codd
|
0-0: Called Strike 0-1: Foul Ball, location: 2F 0-2: Strikes out swinging, 2-3 out at first.
|
Batting: RHB Diwan Abdul-Salam
|
0-0: Ball 1-0: Called Strike 1-1: Foul Ball, location: 2F 1-2: Ball 2-2: Strikes out swinging
|
Bottom of the 4th over - 0 runs, 0 hits, 0 errors, 0 left on base; Lansing 3 - Beloit 0 |
TOP OF THE 5TH |
Lansing Lugnuts batting - Pitching for Beloit Snappers : RHP Andrew Douglas
|
Batting: RHB Corey Davis
|
0-0: SINGLE (Groundball, 6D, EV 105.0 MPH)
|
Batting: LHB Roger Escareno
|
0-0: Called Strike 0-1: Ball 1-1: Ball Corey Davis steals 2nd base 2-1: SINGLE (Groundball, 4MD, EV 112.5 MPH) Corey Davis to third Runner from 3rd tries for Home, throw by CF and OUT! 8-2
|
Batting: RHB Finn Ross
|
0-0: Ball 1-0: Hit by Pitch Roger Escareno to second
|
Batting: LHB David Ramirez
|
0-0: Called Strike 0-1: Ball 1-1: Ball 2-1: Called Strike 2-2: Ball 3-2: Base on Balls Roger Escareno to third Finn Ross to second
|
Batting: LHB Cedric Saunders
|
0-0: Ball 1-0: Ball 2-0: Called Strike 2-1: GRAND SLAM HOME RUN (Flyball, 9LD, EV 94.4 MPH), Distance : 343 ft
|
Pitching: RHP Jan Cole
|
|
Batting: RHB Ivan Ramirez
|
0-0: Ground out 6-3 (Groundball, 6, EV 84.4 MPH)
|
Batting: LHB Dan Martinez
|
0-0: Called Strike 0-1: Ball 1-1: Swinging Strike 1-2: Strikes out swinging
|
Top of the 5th over - 4 runs, 3 hits, 0 errors, 0 left on base; Lansing 7 - Beloit 0 |
BOTTOM OF THE 5TH |
Beloit Snappers batting - Pitching for Lansing Lugnuts : RHP Mike Moon
|
Batting: RHB Manny Vizzerra
|
0-0: Called Strike 0-1: Called Strike 0-2: Strikes out swinging
|
Batting: RHB Kyle Waters
|
0-0: Ball 1-0: Called Strike 1-1: Foul Ball, location: 2F 1-2: Strikes out swinging
|
Batting: LHB Raita Inouye
|
0-0: Called Strike 0-1: Foul Ball, location: 2F 0-2: Ball 1-2: Strikes out swinging
|
Bottom of the 5th over - 0 runs, 0 hits, 0 errors, 0 left on base; Lansing 7 - Beloit 0 |
TOP OF THE 6TH |
Lansing Lugnuts batting - Pitching for Beloit Snappers : RHP Jan Cole
|
Batting: RHB Luis Reyes
|
0-0: Called Strike 0-1: Ball 1-1: Fly out, F9 (Flyball, 9LM, EV 93.1 MPH)
|
Batting: RHB Darren McCarty Jr.
|
0-0: Swinging Strike 0-1: Foul Ball, location: 2F 0-2: Ball 1-2: Strikes out swinging
|
Batting: RHB Corey Davis
|
0-0: Called Strike 0-1: Ball 1-1: Ball 2-1: Called Strike 2-2: Strikes out swinging
|
Top of the 6th over - 0 runs, 0 hits, 0 errors, 0 left on base; Lansing 7 - Beloit 0 |
BOTTOM OF THE 6TH |
Beloit Snappers batting - Pitching for Lansing Lugnuts : RHP Mike Moon
|
Batting: RHB Travis Lanctot
|
0-0: Called Strike 0-1: Fly out, F8 (Flyball, 78M, EV 81.9 MPH)
|
Batting: RHB Brian Rathbun
|
0-0: Ball 1-0: Swinging Strike 1-1: Ball 2-1: Foul Ball, location: 2F 2-2: Ball 3-2: Strikes out looking
|
Batting: RHB Willie de los Santos
|
0-0: Called Strike 0-1: Swinging Strike 0-2: Strikes out swinging
|
Bottom of the 6th over - 0 runs, 0 hits, 0 errors, 0 left on base; Lansing 7 - Beloit 0 |
TOP OF THE 7TH |
Lansing Lugnuts batting - Pitching for Beloit Snappers : RHP Jan Cole
|
Batting: LHB Roger Escareno
|
0-0: Ball 1-0: Foul Ball, location: 2F 1-1: Called Strike 1-2: Ground out 4-3 (Groundball, 4, EV 100.6 MPH)
|
Batting: RHB Finn Ross
|
0-0: Called Strike 0-1: Ball 1-1: Ball 2-1: Ground out 6-3 (Groundball, 6, EV 76.9 MPH)
|
Batting: LHB David Ramirez
|
0-0: Ball 1-0: Called Strike 1-1: Called Strike 1-2: Ball 2-2: Strikes out swinging
|
Top of the 7th over - 0 runs, 0 hits, 0 errors, 0 left on base; Lansing 7 - Beloit 0 |
BOTTOM OF THE 7TH |
Beloit Snappers batting - Pitching for Lansing Lugnuts : RHP Mike Moon
|
Batting: RHB Scott Wiggs
|
0-0: Ball 1-0: Ground out 6-3 (Groundball, 6M, EV 101.2 MPH)
|
Batting: SHB D.J. Codd
|
0-0: Ball 1-0: Swinging Strike 1-1: Swinging Strike 1-2: Strikes out swinging
|
Batting: RHB Diwan Abdul-Salam
|
0-0: Swinging Strike 0-1: SINGLE (Groundball, 6MD, EV 98.1 MPH)
|
Pitching: RHP Takehide Tanaka
|
|
Batting: RHB Manny Vizzerra
|
0-0: Ball 1-0: Foul Ball, location: 2F 1-1: Called Strike 1-2: Ball 2-2: Strikes out swinging
|
Bottom of the 7th over - 0 runs, 1 hit, 0 errors, 1 left on base; Lansing 7 - Beloit 0 |
TOP OF THE 8TH |
Lansing Lugnuts batting - Pitching for Beloit Snappers : RHP Jan Cole
|
Batting: LHB Cedric Saunders
|
0-0: Ball 1-0: Called Strike 1-1: Ground out 6-3 (Groundball, 6, EV 86.2 MPH)
|
Batting: RHB Ivan Ramirez
|
0-0: Hit by Pitch
|
Batting: LHB Dan Martinez
|
0-0: Ball 1-0: Swinging Strike 1-1: Grounds out, U3 (Groundball, 3L, EV 110.6 MPH)
|
Batting: RHB Luis Reyes
|
0-0: Ball 1-0: Foul Ball, location: 2F 1-1: Ball Passed Ball! Ivan Ramirez to third 2-1: Ball 3-1: Ground out 6-3 (Groundball, 6, EV 84.4 MPH)
|
Top of the 8th over - 0 runs, 0 hits, 0 errors, 1 left on base; Lansing 7 - Beloit 0 |
BOTTOM OF THE 8TH |
Beloit Snappers batting - Pitching for Lansing Lugnuts : RHP Takehide Tanaka
|
Batting: RHB Kyle Waters
|
0-0: Foul Ball, location: 2F 0-1: Ball 1-1: Ball 2-1: Called Strike 2-2: Strikes out swinging
|
Batting: LHB Raita Inouye
|
0-0: Ball 1-0: Ball 2-0: Foul Ball, location: 2F 2-1: Called Strike 2-2: Foul Ball, location: 2F 2-2: Ground out 4-3 (Groundball, 4, EV 110.6 MPH)
|
Pinch Hitting: LHB Nick Pacheco
|
0-0: Ball 1-0: Swinging Strike 1-1: Foul Ball, location: 2F 1-2: Foul Ball, location: 2F 1-2: Foul Ball, location: 2F 1-2: Ball 2-2: Foul Ball, location: 2F 2-2: Foul Ball, location: 2F 2-2: Foul Ball, location: 2F 2-2: Ground out 6-3 (Groundball, 56, EV 89.4 MPH)
|
Bottom of the 8th over - 0 runs, 0 hits, 0 errors, 0 left on base; Lansing 7 - Beloit 0 |
TOP OF THE 9TH |
Lansing Lugnuts batting - Pitching for Beloit Snappers : RHP Jan Cole
|
Now at SS: Manny Moron
|
|
Batting: RHB Darren McCarty Jr.
|
0-0: Ball 1-0: Ball 2-0: Ball 3-0: Called Strike 3-1: Called Strike 3-2: Base on Balls
|
Pitching: RHP Rich Reinbolt
|
|
Batting: RHB Corey Davis
|
0-0: Ball 1-0: Swinging Strike 1-1: SINGLE (Groundball, 6MD, EV 105.0 MPH) Darren McCarty Jr. to second
|
Batting: LHB Roger Escareno
|
0-0: Called Strike 0-1: Fly out, F6 (Line Drive, 6, EV 68.8 MPH)
|
Batting: RHB Finn Ross
|
0-0: SINGLE (Flyball, 9LS, EV 91.9 MPH) Darren McCarty Jr. to third Corey Davis to second
|
Batting: LHB David Ramirez
|
0-0: Swinging Strike 0-1: Swinging Strike 0-2: Strikes out swinging
|
Batting: LHB Cedric Saunders
|
0-0: Called Strike 0-1: Ball 1-1: Swinging Strike 1-2: Foul Ball, location: 2F 1-2: Ball 2-2: Foul Ball, location: 2F 2-2: Ground out 6-3 (Groundball, 6MS, EV 91.9 MPH)
|
Top of the 9th over - 0 runs, 2 hits, 0 errors, 3 left on base; Lansing 7 - Beloit 0 |
BOTTOM OF THE 9TH |
Beloit Snappers batting - Pitching for Lansing Lugnuts : RHP Takehide Tanaka
|
Batting: RHB Brian Rathbun
|
0-0: Swinging Strike 0-1: Ball 1-1: Ball 2-1: Ball 3-1: Foul Ball, location: 2F 3-2: SINGLE (Line Drive, 89S, EV 96.9 MPH)
|
Pinch Hitting: RHB Rick Linders
|
0-0: Called Strike 0-1: Ball 1-1: Grounds into double play, 1-4-3 (Groundball, 15S, EV 72.5 MPH)
|
Pitching: RHP Jonathan Ballejos
|
|
Batting: RHB Scott Wiggs
|
0-0: Ball 1-0: Fly out, F7 (Line Drive, 7, EV 86.9 MPH)
|
Bottom of the 9th over - 0 runs, 1 hit, 0 errors, 0 left on base; Lansing 7 - Beloit 0 |
|